 Dungeon Crawl Stone Soup version 0.20-a0-466-gc52d0eb (webtiles) character file.

24 M4edhros the Sneak (level 3, -3/23 HPs)
             Began as an Octopode Artificer on Jan 13, 2017.
             Slain by an orc
             ... wielding a +0 mace
              (9 damage)
             ... on level 3 of the Dungeon.
             The game lasted 00:00:34 (426 turns).

M4edhros the Sneak (Octopode Artificer)              Turns: 426, Time: 00:00:35

Health: -3/23      AC:  1    Str: 11    XL:     3   Next: 2%
Magic:  5/5        EV: 13    Int: 13    God:
Gold:   26         SH:  0    Dex: 13    Spells: 2/2 levels left

rFire  . . .     SeeInvis .     a - +0 short sword
rCold  . . .     Gourm    .     (no shield)
rNeg   . . .     Faith    .     (helmet restricted)
rPois  .         Spirit   .     (no amulet)
rElec  .         Reflect  .     (no ring)
rCorr  .         Harm     .     (no ring)
MR     .....                    (no ring)
Stlth  ++++......               (no ring)
                                (no ring)
                                (no ring)
                                (no ring)
                                (no ring)

@: no status effects
A: almost no armour, stealthy swim, amphibious, 8 rings, constrict 8, camouflage
1, gelatinous body 1
a: no special abilities


You were on level 3 of the Dungeon.
You were not hungry.

You visited 1 branch of the dungeon, and saw 4 of its levels.

You collected 26 gold pieces.

Inventory:

Hand Weapons
 a - a +0 short sword (weapon)
Wands
 b - a wand of flame (15/48)
 c - a wand of enslavement (15/24)
 d - a wand of random effects (15/48)
Scrolls
 i - a scroll of immolation {unknown}
 l - a scroll of remove curse {unknown}
Potions
 e - a potion of curing {unknown}
 g - a potion of brilliance {unknown}
 h - 2 potions of cancellation {unknown}
 k - a potion of might {unknown}
Comestibles
 f - 2 bread rations
 j - a meat ration


   Skills:
 - Level 1.0 Fighting
 - Level 1.0 Short Blades
 - Level 2.0 Dodging
 + Level 4.1 Stealth
 - Level 3.2 Evocations


You had 2 spell levels left.
You didn't know any spells.

Dungeon Overview and Level Annotations

Branches:
Dungeon (4/15)
 Temple: D:4-7

Altars:


Innate Abilities, Weirdness & Mutations

You cannot wear most types of armour.
You are very stealthy in the water. (Stealth+)
You are amphibious.
You can wear up to eight rings at the same time.
You can use your tentacles to constrict eight enemies at once.
Your skin changes colour to match your surroundings (Stealth+).
Your rubbery body absorbs attacks. (AC +1, EV +1)


Message History

The orc priest is moderately wounded.
The orc hits you with a mace.
The orc priest invokes the aid of Beogh against you.
You barely resist.
Unknown command.
You closely miss the orc priest. Your grab misses the orc priest.
The orc priest is moderately wounded.
The orc misses you. The orc closely misses you. The orc priest hits you.
Unknown command.
You hit the orc priest. You grab the orc priest.
The orc priest is moderately wounded.
You constrict the orc priest. The orc hits you but does no damage.
The orc hits you with a mace. The orc priest hits you.
* * * LOW HITPOINT WARNING * * *
Unknown command.
You hit the orc priest but do no damage.
The orc priest is heavily wounded.
You constrict the orc priest. The orc barely misses you.
The orc hits you with a mace!
You die...

. #.....#.#
#.#....... #.
####.#...#.#.# ..
........<.?..# #.
####....##....#
#. ####..+ ..# #.
#.## #
.#####.########)#
.............o@o#
.#####.#######o#
#)# ..# #.# ###
##.## #..<# #..##
#..# #..#


You could see an orc priest and 2 orcs.

Vanquished Creatures
  An adder (D:2)
  A leopard gecko (D:2)
  3 bats
  A giant cockroach (D:1)
  2 goblins
  2 hobgoblins
  A quokka (D:2)
  3 rats (D:2)
14 creatures vanquished.

Notes
Turn   | Place    | Note
-------+----------+-------------------------------------------
     0 | D:1      | M4edhros the Octopode Artificer began the quest for the Orb.
     0 | D:1      | Reached XP level 1. HP: 13/13 MP: 3/3
    45 | D:1      | Reached skill level 2 in Stealth
   268 | D:2      | Reached XP level 2. HP: 16/18 MP: 4/4
   281 | D:2      | Reached skill level 3 in Stealth
   328 | D:2      | Reached skill level 4 in Stealth
   397 | D:3      | Reached XP level 3. HP: 21/23 MP: 5/5
   426 | D:3      | Slain by an orc

Vault maps used:
D:1:      mrwooster_arrival_arrow, minmay_hedge_maze, serial_bayou_pond_e,
          lemuel_another_geyser
D:3:      first_bread
D:4:      serial_glass, glass_columns_a, glass_columns_c, glass_columns_a,
          glass_columns_c, glass_columns_b, glass_columns_a, glass_columns_b,
          glass_columns_a, gup_sewer_entry_pipe, uniq_crazy_yiuf_cottage

Skill      XL: |  1  2 |
---------------+-------+-----
Stealth        | 2 4 |  4.1
Fighting       | |  1.0
Short Blades   | |  1.0
Dodging        | |  2.0
Evocations     | |  3.2

Action                   || total
-------------------------++-------
Melee: Short sword       ||    34
       Constrict         ||     9
       Tentacles         ||     7
 Stab: Sleeping          ||     4
Armor: Skin              ||     1
Dodge: Dodged            ||    22
